Map: Néo-Gettysburg EC

Players

Boken

  • Race: Zerg Zerg
  • League: Diamond

Worming - Winner!

  • Race: Zerg Zerg
  • League: Diamond

VOD

Have the link to the VOD?

Description

Time

  • Played on: Oct. 1, 2016, 10:49 a.m.
  • Length: 17:40
Show
View Real Time Build Order
Export as new Build Order

Boken Zerg 

Build Orders: Hatch First, Zergling Baneling 

Get SALT Encoding   

  12  0:01  Drone  
  13  0:09  Drone  
  14  0:18  Overlord  
  14  0:36  Drone x3  
  17  0:47  Drone  
  18  0:57  Hatchery  
  17  1:03  Drone, Extractor  
  17  1:18  Spawning Pool  
  16  1:20  Drone  
  17  1:27  Drone  
  18  1:34  Drone  
  19  1:41  Overlord  
  19  2:04  Queen, Metabolic Boost  
  21  2:09  Queen  
  21  2:12  Zergling x4  
  25  2:17  Drone  
  25  2:22  Drone  
  27  2:28  Baneling Nest  
  26  2:30  Drone  
  26  2:36  Drone  
  28  2:38  Drone  
  29  2:50  Zergling x2  
  29  2:51  Zergling x4  
  32  2:53  Drone  
  32  2:56  Overlord  
  33  3:06  Drone  
  33  3:10  Zergling x2  
  35  3:14  Zergling x2  
  35  3:15  Zergling x6  
  39  3:23  Zergling x2  
  39  3:24  Zergling x6  
  39  3:26  Baneling x4  
  43  3:28  Zergling x2  
  44  3:37  Overlord  
  44  3:42  Roach Warren  
  43  3:51  Baneling x4  
  42  4:00  Baneling x2  
  42  4:01  Zergling x6  
  42  4:02  Zergling x4  
  44  4:13  Extractor  
  43  4:19  Drone x4  
  43  4:22  Extractor  
  46  4:24  Extractor  
  42  5:06  Baneling x3  
  41  5:09  Drone  
  41  5:10  Drone x5  
  41  5:11  Drone x3  
  50  5:25  Drone x2  
  50  5:26  Overlord x2  
  52  5:34  Evolution Chamber  
  51  5:40  Lair  
  51  5:41  Drone  
  51  5:42  Drone  
  52  5:43  Overlord  
  52  5:49  Hatchery  
  51  5:50  Overlord  
  51  5:51  Drone x3  
  51  5:52  Drone  
  53  6:14  Drone x3  
  55  6:41  Spire  
  55  6:44  Overlord x2  
  55  6:45  Zergling x12  
  60  6:52  Evolution Chamber, Overlord  
  60  6:53  Spine Crawler  
  58  6:55  Drone x2  
  58  7:16  Queen  
  58  7:17  Drone  
  58  7:18  Drone x2, Overlord  
  63  7:32  Roach x5  
  63  7:33  Roach  
  75  7:49  Baneling x2  
  74  7:59  Mutalisk x11  
  89  8:13  Zergling x2  
  89  8:14  Zergling x10  
  91  8:23  Roach x2  
  89  8:28  Mutalisk x2  
  83  8:41  Mutalisk  
  82  8:42  Roach  
  82  8:43  Roach x3  
  82  8:44  Queen  
  82  8:45  Drone x2  
  96  8:52  Glial Reconstitution  
  96  8:54  Roach x2  
  95  9:13  Mutalisk x5  
  103  9:27  Mutalisk  
  103  9:31  Drone x5  
  110  9:44  Drone x4  
  114  9:48  Drone x2  
  114  9:50  Zerg Missile Weapons Level 1, Zerg Ground Armor Level 1  
  114  9:51  Roach x2  
  120  10:02  Drone x2, Extractor  
  120  10:03  Overlord x3  
  120  10:04  Extractor  
  120  10:16  Centrifical Hooks  
  120  10:18  Zergling x2  
  121  10:29  Zergling x20  
  130  10:39  Zergling x8  
  130  10:41  Baneling x2  
  130  10:42  Zergling x2  
  135  10:47  Zergling x2  
  135  10:49  Baneling  
  136  10:50  Baneling x7  
  136  10:51  Baneling  
  136  10:52  Baneling x9  
  108  11:22  Roach  
  108  11:23  Roach x5  
  117  11:27  Hatchery  
  116  11:34  Baneling x6  
  116  11:35  Roach x2  
  120  11:53  Zergling x4  
  122  12:01  Hatchery  
  121  12:05  Hatchery  
  120  12:14  Roach  
  120  12:15  Roach x5  
  132  12:17  Overseer  
  132  12:20  Baneling  
  132  12:21  Baneling x3, Overlord  
  132  12:22  Overlord x2  
  132  12:33  Overlord  
  132  12:34  Overlord x2  
  132  12:44  Roach  
  132  12:45  Roach x5  
  144  12:54  Roach x2  
  144  12:55  Roach  
  150  13:07  Roach x6  
  162  13:24  Roach  
  162  13:25  Roach x7  
  162  13:26  Zergling x10  
  183  13:34  Drone  
  183  13:35  Drone x2  
  174  14:05  Roach x4  
  174  14:06  Roach x5  
  158  14:10  Roach  
  158  14:11  Roach x2  
  126  14:17  Roach x2  
  126  14:18  Roach  
  126  14:23  Roach  
  111  14:24  Roach  
  111  14:39  Roach  
  111  14:40  Roach x3  
  109  14:53  Roach x4  
  109  14:54  Ravager, Roach x5  
  109  14:55  Ravager x3  
  131  15:01  Ravager  
  131  15:02  Ravager  
  131  15:05  Roach  
  131  15:06  Roach x3  
  141  15:10  Zerg Missile Weapons Level 2  
  141  15:20  Ravager x3  
  141  15:21  Ravager x4  
  140  15:42  Roach  
  126  15:43  Roach x10  
  123  15:53  Roach x4  
  123  15:54  Ravager  
  129  15:58  Ravager  
  129  16:04  Ravager  
  129  16:14  Roach x4  
  129  16:15  Roach x2  
  141  16:20  Roach x3  
  147  16:31  Queen  
  147  16:49  Roach x3  
  147  16:51  Ravager x4  
  147  16:52  Ravager  
  158  17:03  Extractor  
  158  17:04  Extractor  
  129  17:33  Extractor  
Show
View Real Time Build Order
Export as new Build Order

Worming Zerg - Winner!

Build Orders: Hatch First, Zergling Baneling 

Get SALT Encoding   

  12  0:01  Drone  
  13  0:13  Overlord  
  13  0:18  Drone  
  14  0:31  Drone x2  
  14  0:34  Drone  
  17  0:52  Hatchery  
  17  0:55  Drone  
  17  1:03  Extractor  
  16  1:04  Drone  
  17  1:16  Spawning Pool  
  17  1:18  Drone  
  17  1:29  Drone x2  
  19  1:39  Drone  
  20  1:52  Drone  
  21  2:01  Overlord  
  21  2:03  Queen  
  21  2:04  Queen  
  21  2:07  Zergling x2  
  26  2:13  Metabolic Boost  
  26  2:15  Drone  
  26  2:19  Drone  
  28  2:27  Drone  
  28  2:28  Drone  
  30  2:37  Baneling Nest  
  30  2:39  Queen  
  30  2:43  Drone x2  
  33  2:50  Zergling x4  
  34  2:55  Zergling x2  
  35  3:06  Drone  
  35  3:07  Overlord  
  36  3:19  Zergling x2, Spine Crawler  
  36  3:21  Overlord  
  36  3:29  Zergling x2  
  36  3:30  Zergling x8  
  36  3:31  Overlord  
  41  3:34  Baneling  
  41  3:35  Baneling x2  
  41  3:36  Zergling x2  
  42  3:47  Spine Crawler  
  41  3:55  Baneling x3  
  36  4:04  Baneling, Zergling x2  
  36  4:05  Zergling x12  
  36  4:06  Spine Crawler  
  36  4:08  Baneling  
  42  4:16  Drone x2  
  44  4:22  Zergling x4  
  46  4:32  Zergling x6  
  46  4:33  Zergling x2  
  46  4:38  Baneling x3  
  50  4:50  Baneling  
  39  5:07  Drone x10  
  39  5:10  Extractor  
  39  5:11  Extractor  
  47  5:21  Hatchery  
  46  5:22  Overlord x2  
  46  5:24  Evolution Chamber  
  45  5:30  Roach Warren  
  44  5:42  Drone x3  
  47  5:46  Drone x4  
  50  6:16  Lair  
  50  6:17  Zerg Missile Weapons Level 1  
  50  6:20  Drone x3  
  50  6:21  Evolution Chamber  
  50  6:22  Drone x6  
  50  6:23  Extractor  
  57  6:40  Drone x3  
  57  6:41  Drone x5  
  65  6:47  Zerg Ground Armor Level 1  
  65  6:54  Overlord  
  65  6:55  Roach x6  
  77  7:02  Drone  
  77  7:17  Glial Reconstitution  
  77  7:19  Roach x6  
  77  7:20  Overlord x3  
  89  7:38  Drone x2  
  89  7:42  Baneling x3, Zergling x2  
  89  7:43  Zergling x12  
  98  7:48  Drone x4  
  102  7:52  Extractor  
  102  7:56  Zergling x4, Roach x2  
  107  8:01  Hatchery  
  100  8:29  Spore Crawler x3, Hydralisk Den  
  100  8:31  Spore Crawler x2  
  100  8:33  Spore Crawler  
  88  8:34  Queen  
  88  8:35  Queen x2, Spore Crawler  
  88  8:39  Spore Crawler  
  86  9:03  Zerg Missile Weapons Level 2  
  86  9:08  Spore Crawler  
  85  9:10  Queen x2  
  85  9:24  Spore Crawler  
  85  9:26  Queen  
  86  9:33  Extractor  
  86  9:35  Spore Crawler x2  
  86  9:37  Hydralisk x6  
  86  9:38  Hydralisk x8  
  101  9:39  Spawning Pool  
  101  9:42  Zerg Ground Armor Level 2  
  101  9:45  Overlord x2  
  110  9:47  Pneumatized Carapace  
  110  10:07  Drone  
  111  10:17  Overlord x4  
  110  10:37  Muscular Augments  
  110  10:39  Drone x13  
  123  10:48  Roach x2  
  127  10:51  Spore Crawler, Zergling x2  
  127  10:53  Spore Crawler  
  127  10:54  Spore Crawler  
  119  11:14  Roach  
  119  11:15  Roach x8  
  91  11:35  Drone  
  91  11:36  Drone x2  
  91  11:37  Drone x2  
  94  11:41  Queen  
  94  11:42  Queen x2  
  100  11:48  Roach  
  100  11:49  Roach x6  
  114  11:54  Extractor  
  114  11:55  Infestation Pit  
  112  12:04  Drone  
  112  12:14  Overlord x3  
  112  12:15  Overlord  
  112  12:16  Drone x3  
  113  12:34  Pathogen Glands, Hydralisk  
  113  12:35  Hydralisk x6  
  113  12:36  Roach x3  
  133  12:50  Drone x3  
  136  12:51  Spore Crawler x2  
  136  12:52  Hive  
  136  12:54  Infestor x3  
  140  13:16  Overlord x3  
  140  13:21  Infestor x2  
  140  13:23  Queen  
  140  13:27  Burrow  
  146  13:37  Hydralisk  
  146  13:38  Roach x4, Hydralisk x4  
  120  14:18  Roach x7, Hydralisk x3  
  120  14:19  Roach x2, Hydralisk x4  
  144  14:27  Queen x3  
  150  14:38  Extractor  
  141  14:39  Extractor  
  124  14:55  Roach, Hydralisk  
  124  14:56  Roach x4, Hydralisk x4  
  144  15:01  Infestor  
  144  15:02  Infestor  
  144  15:06  Drone x2  
  144  15:07  Drone x2  
  151  15:08  Drone  
  149  15:21  Lurker Den  
  149  15:29  Roach x8  
  135  15:53  Roach x11  
  153  16:02  Hatchery  
  152  16:25  Hydralisk x2  
  156  16:26  Roach x9  
  156  16:27  Infestor  
  174  16:58  Lurker  
  174  16:59  Lurker x4  
  180  17:01  Zergling x6, Roach  
  180  17:04  Overlord  
  180  17:05  Overlord x2  
  184  17:12  Overlord  
  185  17:15  Zergling x2  
Tags
 
Add a new tag
Caveats
  • Supply blocks, unpowered buildings, or Contaminate may cause inaccurate times.
  • Supply counts are checked every 10 seconds.